 Dungeon Crawl Stone Soup version 0.30-b1-2-g02819fbbbe (webtiles) character file.

Game seed: 12981452329384236700

219 snakesoul the Digger (level 5, -5/31 HPs)
             Began as an Octopode Earth Elementalist on May 30, 2023.
             Slain by a gnoll sergeant
             ... wielding a +1 trident of protection
              (16 damage)
             ... on level 3 of the Dungeon.
             The game lasted 00:05:57 (2685 turns).

snakesoul the Digger (Octopode Earth Elementalist)  Turns: 2685, Time: 00:05:57

Health: -5/31      AC:  1    Str:  8    XL:     5   Next: 96%
Magic:  0/10       EV: 18    Int: 19    God:
Gold:   65         SH:  0    Dex: 12    Spells: 0/10 levels left

rFire   . . .        q - +2 dagger (venom)
rCold   . . .        (no shield)
rNeg    + . .        (helmet restricted)
rPois   .            (no amulet)
rElec   .            f - +5 ring of evasion
rCorr   .            m - ring of positive energy
SInv    .            (no ring)
Will    .....        (no ring)
Stlth   +++          (no ring)
HPRegen 0.25/turn    (no ring)
MPRegen 0.12/turn    (no ring)
                     (no ring)

%: no passive effects
@: no status effects
A: almost no armour, amphibious, 8 rings, camouflage 1, gelatinous body 1,
(nimble swimmer 1), tentacles
a: no special abilities


You were on level 3 of the Dungeon.
You visited 1 branch of the dungeon, and saw 3 of its levels.

You collected 115 gold pieces.
You spent 50 gold pieces at shops.

Inventory:

Hand Weapons
 q - a +2 dagger of venom (weapon)
Jewellery
 f - a +5 ring of evasion (left tentacle)
 m - a ring of positive energy (right tentacle)
Scrolls
 a - a scroll of immolation {unknown}
 g - a scroll of blinking {unknown}
 h - a scroll of torment {unknown}
 i - a scroll of teleportation
 j - 3 scrolls of identify
 l - a scroll of poison {unknown}
 n - a scroll of fog {unknown}
Potions
 b - 3 potions of haste {unknown}
 e - a potion of attraction {unknown}
 k - a potion of resistance {unknown}
 o - 2 potions of flight {unknown}
 p - a potion of invisibility {unknown}


   Skills:
 - Level 2.0 Dodging
 - Level 2.6 Stealth
 + Level 3.4 Spellcasting
 * Level 2.4 Conjurations
 + Level 2.9 Transmutations
 - Level 3.8 Earth Magic


You couldn't memorise any spells.
You knew the following spells:

 Your Spells              Type           Power      Damage    Failure   Level
a - Sandblast             Erth           34%        2d9       3%          1
b - Passwall              Tmut/Erth      13%        N/A       5%          2
c - Stone Arrow           Conj/Erth      30%        3d8       12%         3
d - Petrify               Tmut/Erth      16%        N/A       36%         4

Your spell library contained the following spells:

 Spells                   Type           Power      Damage    Failure   Level


Dungeon Overview and Level Annotations

Branches:
Dungeon (3/15)

Altars:

Shops:
D:2 (:[?(

Annotations:
D:2 1 runed translucent door, Crazy Yiuf


Innate Abilities, Weirdness & Mutations

You cannot wear most types of armour.
You are amphibious.
You can wear up to eight rings at the same time.
Your skin changes colour to match your surroundings (Stealth+).
Your rubbery body absorbs attacks. (AC +1, EV +1)
((You are camouflaged when in or above water. (Stealth+)))
You have tentacles for arms and can constrict up to eight enemies at once.


Message History

Press: ? - help, Shift-Dir - straight line, f/p - gnoll
Aim: a gnoll, wielding a +0 spear (lightly wounded, 84% to hit)
The blast of sand hits the gnoll sergeant but does no damage.
The gnoll sergeant completely misses you.
The gnoll sergeant closely misses you.
Casting: Sandblast (safe; 3% risk of failure)
Confirm with . or Enter, or press ? or * to list all spells.
Aiming: Sandblast (safe; 3% risk of failure)
Press: ? - help, Shift-Dir - straight line, f/p - gnoll
Aim: a gnoll, wielding a +0 spear (lightly wounded, 84% to hit)
The blast of sand hits the gnoll sergeant but does no damage.
The gnoll sergeant completely misses you.
Casting: Sandblast (safe; 3% risk of failure)
Confirm with . or Enter, or press ? or * to list all spells.
Aiming: Sandblast (safe; 3% risk of failure)
Press: ? - help, Shift-Dir - straight line, f/p - gnoll
Aim: a gnoll, wielding a +0 spear (lightly wounded, 84% to hit)
The blast of sand hits the gnoll sergeant but does no damage.
The gnoll sergeant barely misses you. The gnoll sergeant closely misses you.
Casting: Sandblast (safe; 3% risk of failure)
Confirm with . or Enter, or press ? or * to list all spells.
Aiming: Sandblast (safe; 3% risk of failure)
Press: ? - help, Shift-Dir - straight line, f/p - gnoll
Aim: a gnoll, wielding a +0 spear (lightly wounded, 84% to hit)
The blast of sand hits the gnoll sergeant but does no damage.
The gnoll sergeant hits you from afar with a +1 trident of protection.
Casting: Sandblast (safe; 3% risk of failure)
Confirm with . or Enter, or press ? or * to list all spells.
Aiming: Sandblast (safe; 3% risk of failure)
Press: ? - help, Shift-Dir - straight line, f/p - gnoll
Aim: a gnoll, wielding a +0 spear (lightly wounded, 84% to hit)
The blast of sand hits the gnoll sergeant.
The gnoll sergeant is lightly wounded.
The gnoll sergeant completely misses you.
The gnoll sergeant hits you from afar with a +1 trident of protection!
* * * LOW HITPOINT WARNING * * *
You feel better.
The gnoll sergeant hits you from afar with a +1 trident of protection!
Ouch! That really hurt!
You die...

...............#
...............#
..............##
...........)...# ♣
.##.###.####.#.# ).
.##.).<.# #.#.## ♣..#
.....#### #>#..# ♣♣....#
#..)## #.##.#♣♣)..♣..#
#..## ######.##.@.gg)....'
#..####...##.####♣♣....♣.#
.....#....# .# ♣♣.)..#
.....#....# ♣..#
###..#.#### .. #....# ♣
##....# ##..#### ...##


You could see a gnoll sergeant and a gnoll.

Vanquished Creatures
  Jessica (D:2)
  An orc wizard (D:3)
  Robin (D:3)
  3 gnolls (D:3)
  5 adders (D:2)
  A worm (D:2)
  4 orcs
  4 bats
  6 endoplasms
  2 giant cockroaches
  14 goblins
  5 hobgoblins
  4 jackals (D:1)
  A quokka (D:3)
  6 ball pythons
  12 frilled lizards
  7 kobolds
  4 rats
81 creatures vanquished.

Vanquished Creatures (others)
  3 plants (D:2)
3 creatures vanquished.

Grand Total: 84 creatures vanquished

Notes
Turn   | Place    | Note
-------+----------+-------------------------------------------
     0 | D:1      | snakesoul the Octopode Earth Elementalist began the quest
                  | for the Orb.
     0 | D:1      | Reached XP level 1. HP: 11/11 MP: 3/3
   107 | D:1      | Reached XP level 2. HP: 17/17 MP: 3/5
   560 | D:1      | You fall into a shaft and drop 1 floor!
   605 | D:1      | Reached XP level 3. HP: 21/21 MP: 0/6
   797 | D:1      | Found a faded altar of an unknown god.
  1001 | D:2      | Noticed Jessica
  1008 | D:2      | Found Pedus's Armour Emporium.
  1012 | D:2      | Killed Jessica
  1013 | D:2      | Reached XP level 4. HP: 27/27 MP: 3/8
  1244 | D:2      | Found Dasoz Buwn's Magic Scroll Boutique.
  1270 | D:2      | Bought a scroll of teleportation for 30 gold pieces
  1270 | D:2      | Bought a scroll of identify for 20 gold pieces
  1273 | D:2      | Learned a level 2 spell: Passwall
  1277 | D:2      | Learned a level 3 spell: Stone Arrow
  1292 | D:2      | Found Tuoc's Book Emporium.
  1304 | D:2      | Found Hextel's Weapon Boutique.
  1558 | D:2      | Found Erubih's Weapon Shop.
  1569 | D:2      | Reached skill level 1 in Conjurations
  1694 | D:2      | Found a runed translucent door.
  1695 | D:2      | Noticed Crazy Yiuf
  1745 | D:2      | Reached XP level 5. HP: 31/31 MP: 5/9
  1896 | D:2      | Learned a level 4 spell: Petrify
  2025 | D:2      | HP: 1/31 [orc/+0 falchion (7)]
  2295 | D:3      | Noticed Robin
  2302 | D:3      | Killed Robin
  2406 | D:3      | Identified the +1 leather armour of Parts Unknown {-Cast
                  | rPois Will+ Slay+2}
  2684 | D:3      | HP: 1/31 [gnoll sergeant/+1 trident of protection (11)]
  2685 | D:3      | Slain by a gnoll sergeant

Illustrated notes

Levels and vault maps discovered:
D:1:      minmay_arrival_radiant_lines, layout_basic,
          hellmonk_ecumenical_altar_inner_sanctum, corexii_leaking_fountain,
          minmay_split_cup_large
D:2:      layout_basic, serial_shops, nicolae_shop_getting_attention, shop,
          shop, shop, nicolae_shop_tiny_glass, minmay_lizard_king, uniq_jessica,
          uniq_crazy_yiuf_cottage
D:3:      layout_rooms, mainiacjoe_overflow_24_doors,
          pf_guarded_unrand_woodcutter, uniq_robin

Skill      XL: |  1  2  3  4  5 |
---------------+----------------+-----
Transmutations | 2 |  2.9
Spellcasting   | 3 |  3.4
Conjurations   | 1 2 |  2.4
Dodging        | |  2.0
Stealth        | |  2.6
Earth Magic    | |  3.8

Action                     |  1- 3 |  4- 6 || total
---------------------------+-------+-------++-------
  Melee: Unarmed           |     3 |       ||     3
         Constrict         |     2 |       ||     2
         Tentacles         |     2 |       ||     2
         Dagger            |     4 |       ||     4
   Cast: Sandblast         |    38 |    90 ||   128
    Use: Scroll            |       |     1 ||     1
         Potion            |       |     2 ||     2
 Armour: Skin              |     4 |     3 ||     7
  Dodge: Dodged            |     3 |    64 ||    67
